 Dungeon Crawl Stone Soup version 0.22-b1-26-g9dbaab1 (webtiles) character file.

361 taaruk the Cudgeler (level 6, -4/56 HPs)
             Began as a Minotaur Berserker on Aug 6, 2018.
             Was a Believer of Trog.
             Slain by a yak (14 damage)
             ... on level 4 of the Dungeon.
             The game lasted 00:12:36 (3184 turns).

taaruk the Cudgeler (Minotaur Berserker)            Turns: 3184, Time: 00:12:37

Health: -4/56      AC:  6    Str: 24    XL:     6   Next: 38%
Magic:  5/5        EV: 13    Int:  4    God:    Trog [**....]
Gold:   209        SH:  0    Dex:  9    Spells: 5/5 levels left

rFire    . . .     SeeInvis .   h - +3 dagger (venom)
rCold    . . .     Gourm    .   (no shield)
rNeg     . . .     Faith    .   e - +0 leather armour
rPois    .         Spirit   .   (helmet restricted)
rElec    .         Reflect  .   u - +1 cloak
rCorr    .         Harm     .   p - +0 pair of gloves
MR       ++...                  (no boots)
Stlth    +.........             k - amulet of magic regeneration
HPRegen  1.18/turn              (no ring)
MPRegen  0.34/turn              (no ring)

@: regenerating
A: retaliatory headbutt, horns 2
a: Berserk, Trog's Hand, Renounce Religion


You were on level 4 of the Dungeon.
You worshipped Trog.
Trog was pleased with you.
You were hungry.

You visited 1 branch of the dungeon, and saw 5 of its levels.

You collected 209 gold pieces.

Inventory:

Hand Weapons
 a - a +0 mace
 h - a +3 dagger of venom (weapon)
Armour
 b - a +0 animal skin
 e - a +0 leather armour (worn)
 o - a +2 large shield
 p - a +0 pair of gloves (worn)
 u - a +1 cloak (worn)
Jewellery
 k - an amulet of magic regeneration (around neck)
 w - an uncursed ring of magical power
Wands
 t - a wand of enslavement (6)
Scrolls
 d - a scroll of identify
 g - a scroll of amnesia
 j - 4 scrolls of teleportation
 l - 2 scrolls of enchant weapon
 v - a scroll of blinking {unknown}
 y - a scroll of enchant armour {unknown}
Potions
 f - a potion of flight {unknown}
 i - a potion of mutation {unknown}
 m - 2 potions of heal wounds {unknown}
 n - a potion of brilliance {unknown}
 q - a potion of agility {unknown}
 s - a potion of curing {unknown}
 x - a potion of invisibility {unknown}
 z - a potion of lignification {unknown}
Comestibles
 c - 5 rations


   Skills:
 + Level 5.2 Fighting
 + Level 2.8 Short Blades
 + Level 5.2 Maces & Flails
 + Level 3.8 Armour
 + Level 3.6 Dodging
 + Level 0.5 Stealth


You had 5 spell levels left.
You didn't know any spells.
Your spell library was empty.

Dungeon Overview and Level Annotations

Branches:
Dungeon (5/15)
 Temple: D:4-7

Altars:
Cheibriados
Qazlal
Wu Jian

Annotations:
D:5 Menkaure


Innate Abilities, Weirdness & Mutations

You reflexively headbutt those who attack you in melee.
You have a pair of horns on your head.


Message History

There is a stone staircase leading up here.
The yak barely misses you. The yak gores you!
* * * LOW HITPOINT WARNING * * *
Menkaure calls on the powers of darkness!
The yak convulses! x4; Your body is wracked with pain!
* * * LOW HITPOINT WARNING * * *
You climb upwards.
There is a stone staircase leading down here.
Your skin crawls.
You feel resistant to hostile enchantments.
You feel somewhat more hungry. The yak gores you but does no damage.
The yak barely misses you.
You hit the yak but do no damage.
The yak looks even sicker.
Your headbutt misses the yak.
The yak is almost dead.
The yak barely misses you. You furiously retaliate!
You headbutt the yak!
You kill the yak!
Trog accepts your kill. The yak gores you!
You die...

...#.# #..## #.##...# ##...# #.##
#.#..### ###÷.# #.# #...##
####.#######.# ##..##
.##....#...#.# ##...#
.............# ###..#.#
#............####...##.#
#.............##..####.# ######
..............##@#####.# ##.....
#...........#.##†Y.....# ##......
#.....##...##.....###### #.......
####..####.###..#.# #.......
##.## #.###....# #.......
#####.<###.##...### #.......
...###.....#[...##### ####.......
.....###..#)........###..........
...#........#.#####.....##.......


You could see a yak.

Vanquished Creatures
  A yak (D:4)
  A centaur skeleton (D:4)
  An orc wizard (D:4)
  Crazy Yiuf (D:2)
  Jessica (D:2)
  Natasha (thrice) (D:2)
  5 adders
  3 worms
  2 dart slugs (D:1)
  3 leopard geckos
  3 orcs
  3 giant cockroaches
  4 goblins
  7 hobgoblins
  13 kobolds
  A quokka (D:2)
  4 ball pythons
  5 bats
  4 frilled lizards
  6 rats
71 creatures vanquished.

Notes
Turn   | Place    | Note
-------+----------+-------------------------------------------
     0 | D:1      | taaruk the Minotaur Berserker began the quest for the Orb.
     0 | D:1      | Reached XP level 1. HP: 19/19 MP: 0/0
    44 | D:1      | Reached XP level 2. HP: 27/27 MP: 1/1
   520 | D:2      | Noticed Natasha
   523 | D:2      | Noticed a crimson imp
   524 | D:2      | Reached XP level 3. HP: 26/33 MP: 2/2
   531 | D:2      | Killed Natasha
   545 | D:2      | Reached ** piety under Trog
   656 | D:2      | Reached XP level 4. HP: 32/41 MP: 3/3
   703 | D:2      | Noticed Jessica
   705 | D:2      | Killed Jessica
   709 | D:2      | Reached skill level 5 in Maces & Flails
   965 | D:2      | Noticed Natasha
   970 | D:2      | Killed Natasha
   970 | D:2      | Reached skill level 1 in Short Blades
   999 | D:2      | Found a runed door.
  1369 | D:2      | Noticed Natasha
  1379 | D:2      | Killed Natasha
  1379 | D:2      | Reached skill level 5 in Fighting
  1379 | D:2      | Reached XP level 5. HP: 12/48 MP: 4/4
  1704 | D:2      | Noticed Crazy Yiuf
  1711 | D:2      | Killed Crazy Yiuf
  2148 | D:3      | Found an ornate altar of the Wu Jian Council.
  2148 | D:3      | Found a stormy altar of Qazlal.
  2751 | D:4      | Reached XP level 6. HP: 50/56 MP: 5/5
  2878 | D:4      | Found a snail-covered altar of Cheibriados.
  3173 | D:5      | Entered Level 5 of the Dungeon
  3173 | D:5      | Noticed a yak
  3174 | D:5      | Noticed a yak
  3174 | D:5      | Noticed a yak
  3175 | D:5      | Noticed Menkaure
  3175 | D:5      | Noticed a yak
  3184 | D:4      | Killed a yak
  3184 | D:4      | Slain by a yak

Skill      XL: |  1  2  3  4  5 |
---------------+----------------+-----
Maces & Flails | 4 5 |  5.2
Fighting       | 4 5 |  5.2
Short Blades   | 1 2 |  2.8
Armour         | 3 |  3.8
Dodging        | 3 |  3.6
Stealth        | |  0.5

Action                   |  1- 3 |  4- 6 || total
-------------------------+-------+-------++-------
Melee: Mace              |    17 |       ||    17
       Headbutt          |     9 |    15 ||    24
       Dagger            |    33 |   104 ||   137
Invok: Trog's Hand       |       |     1 ||     1
  Use: Scroll            |       |     9 ||     9
  Eat: Chunk             |       |     3 ||     3
       Ration            |       |     1 ||     1
Armor: Leather armour    |    13 |    15 ||    28
Dodge: Dodged            |    38 |    42 ||    80
